MWL (24 & UNDER)
GRIM REAPERS @ LITTLE ROCK LEMMIWINKS
07/11/2030
 
TOP OF THE 1ST
Grim Reapers batting - Pitching for Little Rock Lemmiwinks : RHP Pablo Borges
Pitching: RHP Pablo Borges
Batting: RHB Arturo Franco 0-0: Called Strike
0-1: Foul Ball, location: 2F
0-2: Foul Ball, location: 2F
0-2: Ball
1-2: Strikes out swinging
Batting: RHB Sandro Hernández 0-0: Called Strike
0-1: Foul Ball, location: 2F
0-2: Ball
1-2: Foul Ball, location: 2F
1-2: Strikes out swinging
Batting: RHB Ramón Sánchez 0-0: Ball
1-0: Foul Ball, location: 2F
1-1: Called Strike
1-2: Ball
2-2: Ball
3-2: Foul Ball, location: 2F
3-2: Strikes out swinging, 2-3 out at first.
Top of the 1st over - 0 runs, 0 hits, 0 errors, 0 left on base; Grim 0 - Little Rock 0
BOTTOM OF THE 1ST
Little Rock Lemmiwinks batting - Pitching for Grim Reapers : RHP Leonard Fitzpatrick
Pitching: RHP Leonard Fitzpatrick
Batting: LHB Cisco Salazar 0-0: Called Strike
0-1: SINGLE (Groundball, 6S) (infield hit)
Batting: LHB Horace Kramer 0-0: Ball
1-0: Called Strike
1-1: Called Strike
1-2: Ball
2-2: DOUBLE (Line Drive, 9LM)
Cisco Salazar to third
Runner from 3rd tries for Home, SAFE, no throw
Batting: RHB Glen Madden 0-0: Ball
1-0: Called Strike
1-1: Foul Ball, location: 2F
1-2: Foul Ball, location: 2F
1-2: Strikes out swinging
Batting: RHB Roberto Valdéz 0-0: Ball
1-0: Foul Ball, location: 2F
1-1: Ball
2-1: Foul Ball, location: 2F
2-2: Foul Ball, location: 2F
2-2: Strikes out swinging
Batting: LHB Greg MacCanish 0-0: Ball
1-0: Called Strike
1-1: Swinging Strike
1-2: Ball
2-2: Ball
3-2: DOUBLE (Line Drive, 89D)
Horace Kramer scores
Batting: RHB Ánibal Soto 0-0: Ball
1-0: Foul Ball, location: 2F
1-1: Fly out, F7 (Flyball, 7)
Bottom of the 1st over - 2 runs, 3 hits, 0 errors, 1 left on base; Grim 0 - Little Rock 2
TOP OF THE 2ND
Grim Reapers batting - Pitching for Little Rock Lemmiwinks : RHP Pablo Borges
Batting: RHB Roberto Villela 0-0: Called Strike
0-1: Called Strike
0-2: Ground out 3-1 (Groundball, 34)
Batting: RHB Mario Barker 0-0: Fly out, F4 (Popup, 4S)
Batting: LHB Jesús Rojas 0-0: Ball
1-0: Ground out U3 (Groundball, 3)
Top of the 2nd over - 0 runs, 0 hits, 0 errors, 0 left on base; Grim 0 - Little Rock 2
BOTTOM OF THE 2ND
Little Rock Lemmiwinks batting - Pitching for Grim Reapers : RHP Leonard Fitzpatrick
Batting: LHB Manny Robles 0-0: Called Strike
0-1: Foul Ball, location: 2F
0-2: Ball
1-2: Strikes out swinging
Batting: RHB José Rodríguez 0-0: Ball
1-0: Ball
2-0: Called Strike
2-1: Called Strike
2-2: Foul Ball, location: 2F
2-2: Strikes out swinging
Batting: RHB Norberto Gallardo 0-0: Foul Ball, location: 2F
0-1: Called Strike
0-2: Hit by Pitch
Batting: LHB Cisco Salazar 0-0: Called Strike
0-1: Ball
1-1: Called Strike
1-2: Ball
2-2: Fielders Choice at 2nd, 6-4 (Groundball, 6)
Bottom of the 2nd over - 0 runs, 0 hits, 0 errors, 1 left on base; Grim 0 - Little Rock 2
TOP OF THE 3RD
Grim Reapers batting - Pitching for Little Rock Lemmiwinks : RHP Pablo Borges
Batting: RHB Phil Martin 0-0: Fly out, F4 (Popup, 34S)
Batting: RHB Júlio Núńez 0-0: Foul Ball, location: 2F
0-1: Called Strike
0-2: Ball
1-2: Strikes out swinging
Batting: RHB Walt Green 0-0: Ground out 5-3 (Groundball, 5)
Top of the 3rd over - 0 runs, 0 hits, 0 errors, 0 left on base; Grim 0 - Little Rock 2
BOTTOM OF THE 3RD
Little Rock Lemmiwinks batting - Pitching for Grim Reapers : RHP Leonard Fitzpatrick
Batting: LHB Horace Kramer 0-0: Ground out 6-3 (Groundball, 6)
Batting: RHB Glen Madden 0-0: Ball
1-0: Foul Ball, location: 2F
1-1: Foul Ball, location: 2F
1-2: Ball
2-2: Ball
3-2: Foul Ball, location: 2F
3-2: Ground out 5-3 (Groundball, 56S)
Batting: RHB Roberto Valdéz 0-0: Called Strike
0-1: Ball
1-1: Foul Ball, location: 2F
1-2: Fly out, F7 (Line Drive, 7)
Bottom of the 3rd over - 0 runs, 0 hits, 0 errors, 0 left on base; Grim 0 - Little Rock 2
TOP OF THE 4TH
Grim Reapers batting - Pitching for Little Rock Lemmiwinks : RHP Pablo Borges
Batting: RHB Arturo Franco 0-0: Foul Ball, location: 2F
0-1: Fly out, F3 (Popup, 23F)
Batting: RHB Sandro Hernández 0-0: Ball
1-0: Called Strike
1-1: Called Strike
1-2: Ball
2-2: Ball
3-2: Foul Ball, location: 2F
3-2: Base on Balls
Batting: RHB Ramón Sánchez 0-0: Ball
1-0: SINGLE (Groundball, 6MD)
Sandro Hernández to second
Batting: RHB Roberto Villela 0-0: 3-RUN HOME RUN (Flyball, 7LD), Distance : 341 ft
Batting: RHB Mario Barker 0-0: Ground out 4-3 (Groundball, 4)
Batting: LHB Jesús Rojas 0-0: Swinging Strike
0-1: Ball
1-1: Ball
2-1: Ball
3-1: Base on Balls
Batting: RHB Phil Martin 0-0: Ball
1-0: Called Strike
1-1: SINGLE (Flyball, 89M)
Jesús Rojas to second
Runner from 2nd tries for 3rd, SAFE, throw made to third
Batting: RHB Júlio Núńez 0-0: Called Strike
0-1: Ball
1-1: Fly out, F7 (Line Drive, 7S)
Top of the 4th over - 3 runs, 3 hits, 0 errors, 2 left on base; Grim 3 - Little Rock 2
BOTTOM OF THE 4TH
Little Rock Lemmiwinks batting - Pitching for Grim Reapers : RHP Leonard Fitzpatrick
Batting: LHB Greg MacCanish 0-0: Fly out, F8 (Line Drive, 8RM)
Batting: RHB Ánibal Soto 0-0: SINGLE (Flyball, 78M)
Batting: LHB Manny Robles 0-0: Called Strike
0-1: Swinging Strike
0-2: Ball
1-2: Strikes out swinging
Batting: RHB José Rodríguez 0-0: Foul Ball, location: 2F
0-1: Ball
1-1: Foul Ball, location: 2F
1-2: Foul Ball, location: 2F
1-2: Ball
2-2: Foul Ball, location: 2F
2-2: Ball
3-2: Ground out 5-3 (Groundball, 5S)
Bottom of the 4th over - 0 runs, 1 hit, 0 errors, 1 left on base; Grim 3 - Little Rock 2
TOP OF THE 5TH
Grim Reapers batting - Pitching for Little Rock Lemmiwinks : RHP Pablo Borges
Batting: RHB Walt Green 0-0: Ball
1-0: Called Strike
1-1: Called Strike
1-2: DOUBLE (Line Drive, 7LM)
Batting: RHB Arturo Franco 0-0: Ball
1-0: Swinging Strike
1-1: SINGLE (Flyball, 9LS)
Walt Green to third
Runner from 3rd tries for Home, SAFE, no throw
Batting: RHB Sandro Hernández 0-0: Ball
1-0: Called Strike
1-1: SINGLE (Flyball, 7LS)
Arturo Franco to second
Batting: RHB Ramón Sánchez 0-0: Ball
1-0: Swinging Strike
1-1: Ground out 5-3 (Groundball, 5S)
Arturo Franco to third
Sandro Hernández to second
Batting: RHB Roberto Villela 0-0: Called Strike
0-1: SINGLE (Flyball, 7S)
Arturo Franco scores
Sandro Hernández to third
Runner from 3rd tries for Home, SAFE, throw made home
Pitching: LHP Rick Davis
Batting: RHB Mario Barker 0-0: Ball
1-0: Called Strike
1-1: Foul Ball, location: 2F
1-2: Grounds into double play, 3-6-3 (Groundball, 3)
Top of the 5th over - 3 runs, 4 hits, 0 errors, 0 left on base; Grim 6 - Little Rock 2
BOTTOM OF THE 5TH
Little Rock Lemmiwinks batting - Pitching for Grim Reapers : RHP Leonard Fitzpatrick
Batting: RHB Norberto Gallardo 0-0: Foul Ball, location: 2F
0-1: Ball
1-1: Swinging Strike
1-2: Ball
2-2: Foul Ball, location: 2F
2-2: Foul Ball, location: 2F
2-2: Foul Ball, location: 2F
2-2: Foul Ball, location: 2F
2-2: Foul Ball, location: 2F
2-2: Ball
3-2: Base on Balls
Batting: LHB Cisco Salazar 0-0: Foul Ball, location: 2F
0-1: Ball
1-1: Ball
2-1: Swinging Strike
2-2: Strikes out swinging
Batting: LHB Horace Kramer 0-0: Foul Ball, location: 2F
0-1: Ball
1-1: Ball
2-1: Ball
3-1: Base on Balls
Norberto Gallardo to second
Batting: RHB Glen Madden 0-0: Called Strike
0-1: Ball
1-1: Ground out U3 (Groundball, 34S)
Norberto Gallardo to third
Horace Kramer to second
Batting: RHB Roberto Valdéz 0-0: Called Strike
0-1: Swinging Strike
0-2: Ball
1-2: Ball
2-2: Fly out, F8 (Flyball, 78D)
Bottom of the 5th over - 0 runs, 0 hits, 0 errors, 2 left on base; Grim 6 - Little Rock 2
TOP OF THE 6TH
Grim Reapers batting - Pitching for Little Rock Lemmiwinks : LHP Rick Davis
Batting: LHB Jesús Rojas 0-0: Ground out U3 (Groundball, 3S)
Batting: RHB Phil Martin 0-0: Called Strike
0-1: Swinging Strike
0-2: Foul Ball, location: 2F
0-2: Ball
1-2: Strikes out looking
Batting: RHB Júlio Núńez 0-0: Hit by Pitch
Batting: RHB Walt Green 0-0: SINGLE (Groundball, 34D)
Júlio Núńez to second
Runner from 2nd tries for 3rd, SAFE, no throw
Batting: RHB Arturo Franco 0-0: Ball
1-0: Called Strike
1-1: Swinging Strike
1-2: Strikes out swinging
Top of the 6th over - 0 runs, 1 hit, 0 errors, 2 left on base; Grim 6 - Little Rock 2
BOTTOM OF THE 6TH
Little Rock Lemmiwinks batting - Pitching for Grim Reapers : RHP Leonard Fitzpatrick
Batting: LHB Greg MacCanish 0-0: Ball
1-0: Ball
2-0: Called Strike
2-1: SINGLE (Groundball, 4D)
Pitching: RHP Dave Weeks
Batting: RHB Ánibal Soto 0-0: Ball
1-0: Swinging Strike
1-1: Ball
2-1: Foul Ball, location: 2F
2-2: Foul Ball, location: 2F
2-2: Ball
3-2: DOUBLE (Line Drive, 7LM)
Greg MacCanish to third
Batting: LHB Manny Robles 0-0: Ball
1-0: Ball
2-0: Ball
3-0: Swinging Strike
3-1: Foul Ball, location: 2F
3-2: Foul Ball, location: 2F
3-2: Strikes out looking
Batting: RHB José Rodríguez 0-0: Called Strike
0-1: Foul Ball, location: 2F
0-2: Strikes out swinging
Batting: RHB Norberto Gallardo 0-0: Ball
1-0: SINGLE (Flyball, 9)
Greg MacCanish scores
Ánibal Soto to third
Runner from 3rd tries for Home, throw and OUT!
Bottom of the 6th over - 1 run, 3 hits, 0 errors, 1 left on base; Grim 6 - Little Rock 3
TOP OF THE 7TH
Grim Reapers batting - Pitching for Little Rock Lemmiwinks : LHP Rick Davis
Batting: RHB Sandro Hernández 0-0: Called Strike
0-1: Ball
1-1: Ground out 1-3 (Groundball, P)
Batting: RHB Ramón Sánchez 0-0: Called Strike
0-1: Swinging Strike
0-2: Strikes out swinging
Batting: RHB Roberto Villela 0-0: Called Strike
0-1: SOLO HOME RUN (Flyball, 89XD), Distance : 418 ft
Batting: RHB Mario Barker 0-0: Ground out U3 (Groundball, 3)
Top of the 7th over - 1 run, 1 hit, 0 errors, 0 left on base; Grim 7 - Little Rock 3
BOTTOM OF THE 7TH
Little Rock Lemmiwinks batting - Pitching for Grim Reapers : RHP Dave Weeks
Batting: LHB Cisco Salazar 0-0: Ball
1-0: Foul Ball, location: 2F
1-1: Swinging Strike
1-2: Strikes out looking
Batting: LHB Horace Kramer 0-0: Ball
1-0: Ball
2-0: Foul Ball, location: 2F
2-1: Called Strike
2-2: SINGLE (Flyball, 78M)
Batting: RHB Glen Madden 0-0: Called Strike
0-1: Called Strike
0-2: Ball
1-2: Fielders Choice at 2nd, 1-4 (Groundball, 15S)
Batting: RHB Roberto Valdéz 0-0: Called Strike
Glen Madden steals 2nd base
0-1: Ball
1-1: Ball
2-1: Ball
3-1: Fly out, F7 (Flyball, 7LSF)
Bottom of the 7th over - 0 runs, 1 hit, 0 errors, 1 left on base; Grim 7 - Little Rock 3
TOP OF THE 8TH
Grim Reapers batting - Pitching for Little Rock Lemmiwinks : LHP Rick Davis
Batting: LHB Jesús Rojas 0-0: Called Strike
0-1: Ball
1-1: Ball
2-1: Fly out, F7 (Line Drive, 7)
Batting: RHB Phil Martin 0-0: Fly out, F9 (Flyball, 9)
Batting: RHB Júlio Núńez 0-0: Ball
1-0: Swinging Strike
1-1: Swinging Strike
1-2: Ball
2-2: Ball
3-2: Foul Ball, location: 2F
3-2: Foul Ball, location: 2F
3-2: Base on Balls
Batting: RHB Walt Green 0-0: Ball
1-0: Foul Ball, location: 2F
1-1: Foul Ball, location: 2F
1-2: Ball
2-2: Ball
3-2: Strikes out swinging
Top of the 8th over - 0 runs, 0 hits, 0 errors, 1 left on base; Grim 7 - Little Rock 3
BOTTOM OF THE 8TH
Little Rock Lemmiwinks batting - Pitching for Grim Reapers : RHP Dave Weeks
Batting: LHB Greg MacCanish 0-0: Fly out, F8 (Flyball, 89XD)
Now in CF: Jesús Pérez
Batting: RHB Ánibal Soto 0-0: Called Strike
0-1: Ball
1-1: Foul Ball, location: 2F
1-2: Fly out, F6 (Popup, P)
Batting: LHB Manny Robles 0-0: Ball
1-0: SINGLE (Flyball, 7LS)
Batting: RHB José Rodríguez 0-0: Called Strike
0-1: Called Strike
0-2: Ball
1-2: Ball
2-2: Foul Ball, location: 2F
2-2: Foul Ball, location: 2F
2-2: Strikes out swinging
Bottom of the 8th over - 0 runs, 1 hit, 0 errors, 1 left on base; Grim 7 - Little Rock 3
TOP OF THE 9TH
Grim Reapers batting - Pitching for Little Rock Lemmiwinks : LHP Rick Davis
Batting: RHB Arturo Franco 0-0: Called Strike
0-1: Ball
1-1: Ball
2-1: Called Strike
2-2: Strikes out swinging
Batting: RHB Sandro Hernández 0-0: Ball
1-0: Called Strike
1-1: Ball
2-1: Swinging Strike
2-2: Ground out 4-3 (Groundball, 4)
Batting: RHB Ramón Sánchez 0-0: Fly out, F8 (Flyball, 8RD)
Top of the 9th over - 0 runs, 0 hits, 0 errors, 0 left on base; Grim 7 - Little Rock 3
BOTTOM OF THE 9TH
Little Rock Lemmiwinks batting - Pitching for Grim Reapers : RHP Dave Weeks
Pitching: RHP Roger Oliver
Batting: RHB Norberto Gallardo 0-0: SINGLE (Groundball, 23) (infield hit)
Batting: LHB Cisco Salazar 0-0: Ball
1-0: Ball
2-0: Foul Ball, location: 2F
2-1: Called Strike
2-2: SINGLE (Line Drive, 6M)
Norberto Gallardo to second
Batting: LHB Horace Kramer 0-0: Called Strike
0-1: Foul Ball, location: 2F
0-2: Ball
1-2: Foul Ball, location: 2F
1-2: Foul Ball, location: 2F
1-2: DOUBLE (Groundball, 3L)
Norberto Gallardo scores
Cisco Salazar to third
Pinch Hitting: RHB Germán Vargas 0-0: Ball
1-0: Called Strike
1-1: Swinging Strike
1-2: Ground out 4-3 (Groundball, 4)
Cisco Salazar scores
Horace Kramer to third
Batting: RHB Roberto Valdéz 0-0: Ball
1-0: Ball
2-0: Ball
3-0: Called Strike
3-1: Base on Balls
Batting: LHB Greg MacCanish 0-0: Ball
1-0: Fly out, F8 (Flyball, 8RD)
Batting: RHB Ánibal Soto 0-0: Called Strike
0-1: Swinging Strike
0-2: Foul Ball, location: 2F
0-2: Ball
1-2: Ball
2-2: Foul Ball, location: 2F
2-2: SINGLE (Line Drive, 3)
Horace Kramer scores
Roberto Valdéz to second
Pitching: RHP Dan Ramsey
Batting: LHB Manny Robles 0-0: Foul Ball, location: 2F
0-1: Swinging Strike
0-2: Ball
1-2: SINGLE (Groundball, 6) (infield hit)
Roberto Valdéz to third
Ánibal Soto to second
Pinch Hitting: LHB Pablo Alvarado 0-0: Foul Ball, location: 2F
0-1: Called Strike
0-2: Ball
1-2: Ground out U3 (Groundball, 3)
Bottom of the 9th over - 3 runs, 5 hits, 0 errors, 3 left on base; Grim 7 - Little Rock 6
Saturday, April 7th, 2018 - OOTP Baseball 18.8 Build 76